 Dungeon Crawl Stone Soup version 0.19.5 (webtiles) character file.

2958 tanuki the Nimble (level 9, -2/82 HPs)
             Began as a Minotaur Fighter on May 20, 2017.
             Was a Believer of Okawaru.
             Slain by Erica
             ... wielding a +4 scimitar of flaming
              (8 damage)
             ... on level 7 of the Dungeon.
             The game lasted 00:53:53 (8531 turns).

tanuki the Nimble (Minotaur Fighter)                Turns: 8531, Time: 00:53:53

Health: -2/82      AC: 14    Str: 29    XL:     9   Next: 52%
Magic:  8/8        EV: 13    Int:  5    God:    Okawaru [**....]
Gold:   269        SH: 11    Dex: 10    Spells: 0 memorised, 8 levels left

rFire  . . .     SeeInvis .     q - +2 mace (crush)
rCold  . . .     Gourm    .     b - +0 scale mail
rNeg   . . .     Faith    .     c - +0 shield
rPois  +         Spirit   .     (helmet restricted)
rElec  .         Reflect  .     a - +0 cloak
rCorr  .         Harm     +     x - +2 pair of gloves
MR     +....                    (no boots)
Stlth  ..........               g - amulet of harm
                                (no ring)
                                j - ring of poison resistance

@: mighty
A: retaliatory headbutt, horns 2, yellow scales 1, magic resistance 1, sense
surroundings 1
a: Heroism, Renounce Religion


You were on level 7 of the Dungeon.
You worshipped Okawaru.
Okawaru was pleased with you.
You were not hungry.

You visited 2 branches of the dungeon, and saw 9 of its levels.
You also visited: Sewer.

You collected 269 gold pieces.

Inventory:

Hand Weapons
 d - a +0 shortbow
 e - a +0 short sword
 f - a +3 short sword
 i - a +0 trident
 q - a +2 mace of crushing (weapon)
 u - a cursed -3 short sword
 y - a +0 mace
 D - a +0 giant club
Missiles
 p - 4 exploding tomahawks (quivered)
Armour
 a - a +0 cloak (worn)
 b - a +0 scale mail (worn)
 c - a +0 shield (worn)
 w - a +0 chain mail
 x - a +2 pair of gloves (worn)
 A - a +0 ring mail
 F - a cursed +0 plate armour
Jewellery
 g - an amulet of harm (around neck)
 j - a ring of poison resistance (left hand)
 o - an uncursed ring of see invisible {unknown}
 z - an uncursed ring of ice {unknown}
Wands
 h - a wand of flame (27/48)
 r - a wand of enslavement (11/24)
 v - a wand of confusion (15/48)
Scrolls
 t - 2 scrolls of remove curse
 H - a scroll of enchant weapon {unknown}
Potions
 l - 4 potions of flight
 s - a potion of might
Comestibles
 n - 2 slices of pizza
 B - 2 bread rations
 G - a meat ration


   Skills:
 + Level 8.4 Fighting
   Level 2.5 Axes
 - Level 5.9 Armour
 - Level 11.0 Dodging
 - Level 6.0 Shields


You had 8 spell levels left.
You didn't know any spells.

Dungeon Overview and Level Annotations

Branches:
Dungeon (8/15)             Temple (1/1) D:6
   Lair: D:8-11

Altars:
Ashenzari
Cheibriados
Dithmenos
Elyvilon
Fedhas
Gozag
Hepliaklqana
Kikubaaqudgha
Makhleb
Nemelex Xobeh
Okawaru
Qazlal
Ru
Sif Muna
Trog
Uskayaw
Vehumet
Xom
Yredelemnul
Zin
The Shining One

Annotations:
D:7 Erica


Innate Abilities, Weirdness & Mutations

You reflexively headbutt those who attack you in melee.
You have a pair of horns on your head.
You are partially covered in yellow scales. (AC +2)
You are resistant to hostile enchantments. (MR+)
You passively map a small area around you.


Message History

The bolt of poison misses you.
There is a strange disturbance nearby!
You hear some strange, mumbled words.
Something tries to affect you, but you resist.
A jelly comes into view.
The jelly quivers.
You hear some strange, mumbled words.
A bolt of poison appears from out of thin air!
The bolt of poison hits you! You resist.
* * * LOW HITPOINT WARNING * * *
As you read the scroll labeled GUOSES UDGHU, it crumbles to dust.
It is a scroll of recharging.
Charge which item? (? for menu, Esc to quit)
Really abort (and waste the scroll)? [Y]es or [N]o only, please.
Really abort (and waste the scroll)?
Okay, then.
The jelly hits you but does no damage. Something hits you!
You die...

.###..............####.##.#######
## ##.#######..........##....#
.###.## #.###.#.########.# #.#.##
#.###.#.# ##.## ##.## #.##(.#.#
#...# ##.# #.##.##.# #...#
##.##########.......# #...#
#.###.......####J#### #...# ..#
#....(..####@### ######...### ###
#.......##.....###........... .#
#........#.#................. .#
#§§§.......#.#.###........... .#
#§≈§.....#.#.#.# ######...### .#
#§§§.........#.# #...# .#
#####.####.#.#.# #...# .#
#†####.....# #...# .#
#......#.### #...#


You could see a jelly.

Vanquished Creatures
  Grinder (D:4)
  A hippogriff (D:7)
  Menkaure (D:7)
  Duvessa (D:7)
  3 ice beasts
  A black bear (D:7)
  3 sky beasts
  A centaur (D:5)
  A phantom (D:7)
  5 ogres
  A big kobold (Sewer)
  3 bullfrogs
  Dowan (D:7)
  2 scorpions
  A howler monkey (D:6)
  2 crimson imps
  A bullfrog zombie (D:5)
  A jelly (D:6)
  4 hounds
  An orc priest (D:6)
  5 orc wizards
  Crazy Yiuf (D:3)
  An iguana (D:3)
  2 worker ants
  A hound skeleton (D:4)
  5 adders
  A river rat (Sewer)
  A shadow imp (D:7)
  2 oozes
  An adder zombie (D:5)
  An adder skeleton (D:6)
  A worm (D:3)
  4 dart slugs
  7 leopard geckos
  10 orcs
  A ball python (D:3)
  7 bats
  9 giant cockroaches
  2 goblins (D:2)
  9 hobgoblins
  19 jackals
  A quokka (D:2)
  4 frilled lizards
  A jackal skeleton (D:6)
  9 kobolds
  A quokka skeleton (D:4)
  15 rats
156 creatures vanquished.

Notes
Turn   | Place    | Note
-------+----------+-------------------------------------------
     0 | D:1      | tanuki the Minotaur Fighter began the quest for the Orb.
     0 | D:1      | Reached XP level 1. HP: 19/19 MP: 0/0
   486 | D:1      | Reached XP level 2. HP: 27/27 MP: 1/1
   835 | D:1      | Found a sparkling altar of Nemelex Xobeh.
  1213 | D:2      | Reached XP level 3. HP: 24/35 MP: 2/2
  1481 | D:2      | Reached skill level 5 in Fighting
  1912 | D:2      | Reached XP level 4. HP: 42/42 MP: 3/3
  2191 | D:3      | Found a glowing drain.
  2211 | Sewer    | Entered a sewer
  2266 | Sewer    | Noticed a big kobold
  2306 | Sewer    | Killed a big kobold
  2306 | Sewer    | Reached XP level 5. HP: 50/52 MP: 4/4
  2338 | Sewer    | Found a white marble altar of Elyvilon.
  2817 | D:3      | Found a runed door.
  3131 | D:3      | Found a sparkling altar of Nemelex Xobeh.
  3271 | D:3      | Noticed Crazy Yiuf
  3274 | D:3      | Killed Crazy Yiuf
  3365 | D:3      | Reached XP level 6. HP: 38/60 MP: 5/5
  3715 | D:4      | Noticed Grinder
  3734 | D:4      | Killed Grinder
  3734 | D:4      | Reached skill level 5 in Armour
  3734 | D:4      | Reached skill level 5 in Shields
  3734 | D:4      | Reached XP level 7. HP: 30/66 MP: 6/6
  4272 | D:5      | Entered Level 5 of the Dungeon
  4371 | D:5      | Gained mutation: You are partially covered in yellow scales. (AC +2) [potion of mutation]
  4371 | D:5      | Gained mutation: You passively map a small area around you. [potion of mutation]
  4371 | D:5      | Gained mutation: You are resistant to hostile enchantments. (MR+) [potion of mutation]
  4838 | D:5      | Reached skill level 2 in Dodging
  5038 | D:5      | Reached skill level 3 in Dodging
  5233 | D:5      | Reached skill level 4 in Dodging
  5921 | D:6      | Found a staircase to the Ecumenical Temple.
  5955 | Temple   | Entered the Ecumenical Temple
  6175 | Temple   | Became a worshipper of Warmaster Okawaru
  6288 | D:6      | Reached skill level 5 in Dodging
  6288 | D:6      | Reached XP level 8. HP: 60/73 MP: 7/7
  6369 | D:6      | Reached skill level 6 in Dodging
  6488 | D:6      | Reached skill level 7 in Dodging
  6512 | D:6      | Found a burning altar of Makhleb.
  6666 | D:6      | Reached * piety under Okawaru
  6666 | D:6      | Reached skill level 8 in Dodging
  7065 | D:6      | Reached skill level 9 in Dodging
  7277 | D:7      | Noticed Duvessa
  7277 | D:7      | Noticed Dowan
  7283 | D:7      | Killed Dowan
  7298 | D:7      | Killed Duvessa
  7298 | D:7      | Reached XP level 9. HP: 42/79 MP: 8/8
  7585 | D:7      | Reached ** piety under Okawaru
  7585 | D:7      | Reached skill level 10 in Dodging
  7772 | D:7      | Noticed Menkaure
  7779 | D:7      | Killed Menkaure
  7997 | D:7      | Reached skill level 11 in Dodging
  8306 | D:8      | Noticed Erica
  8499 | D:7      | Identified a scroll of acquirement
  8531 | D:7      | Slain by Erica

Skill      XL: |  1  2  3  4  5  6  7  8  9 |
---------------+----------------------------+-----
Fighting       | 4 5 7 8 |  8.4
Armour         | 4 5 |  5.9
Shields        | 4 5 6 |  6.0
Dodging        | 5 9 11 | 11.0
Axes           | |  2.5

Action                   |  1- 3 |  4- 6 |  7- 9 || total
-------------------------+-------+-------+-------++-------
Melee: War axe           |    85 |   118 |       ||   203
       Headbutt          |    10 |    21 |    37 ||    68
       Mace              |       |    37 |   196 ||   233
Evoke: Wand              |       |       |     1 ||     1
  Use: Scroll            |       |     8 |     7 ||    15
       Potion            |       |     5 |    12 ||    17
  Eat: Bread ration      |     1 |       |     1 ||     2
       Meat ration       |       |     1 |     2 ||     3
       Pizza             |       |       |     1 ||     1
Armor: Scale mail        |    35 |    57 |    82 ||   174
Dodge: Dodged            |    34 |    47 |    87 ||   168
Block: Shield            |    51 |    89 |   105 ||   245
